Unix NetHack Version 5.0.0-0 post-release - last build Jun 10 2026 00:39:30 (3ee93aec679c4c4259841fe613dc97188e26a321,branch:main).

Game began 2026-06-22 13:57:12, ended 2026-06-22 14:58:55.

Drastanta, lawful male human Priest

                 ----------
 -------         |.........########                                 ----------
 |"....|      ###.<.......|       ######                            |........|
 |......#######  -|-----.--  ####### ###########                    |........|
 |.....|         #####)##########-----------(- #                   #.........|
 |......########### #           #|C.........)|##########           #----------
 ----|--        #    #          #|.....C...[.|#  #  -.-.-          #
     #         ##     #         #|...-----...|#  #  |...|         ##
     #      #####      #        #|...|.{.|...|#  ###....|         #
     ###############  #         #|..C.{.{|C..|(     |...|      ##%#
            #      ######       #|...|.{.|...|#     -----     ##
        ----.-----------#       #|...-----...|#              ##
        |..........>...|#       #|.....C.....|#              #
        |...........^..|# #######|C....)....C|#            ###
        |...............###     #-------------#        #####
        ---------..-----## ###########################@#

Drastanta the Adept          St:12 Dx:15 Co:17 In:9 Wi:16 Ch:10  Lawful
Dlvl:7  $:49 HP:0(74) Pw:104(104) AC:4  Xp:7 T:6539  Hungry  

Latest messages:
 The ettin zombie misses the large cat.
 You hit the ettin zombie!
 The ettin zombie hits!
 The ettin zombie hits again!
 The ettin zombie knocks you backward with a forceful strike!
 You hear some noises.
 You see here a stethoscope.
 You are beginning to feel hungry.
 The leprechaun wakes up!
 You swap places with your large cat.
 The large cat bites the leprechaun.
 The leprechaun misses the large cat.
 The vampire bat bites!
 The vampire bat bites again!
 You hear some noises.
 The vampire bat bites!
 The vampire bat bites again!
 You hit the vampire bat!
 The vampire bat bites!
 The vampire bat bites again!
 You miss the vampire bat.
 The vampire bat bites!
 The vampire bat misses!
 The vampire bat misses!
 The vampire bat bites!
 You hit the vampire bat!
 The vampire bat bites!
 The vampire bat bites again!
 The vampire bat bites!
 The vampire bat bites again!
 You kill the vampire bat!
 The ettin zombie hits!
 The ettin zombie hits again!
 You destroy the ettin zombie!
 You see here an ettin corpse.
 The horse kicks!
 The horse bites!
 You hit the horse!
 The horse kicks!
 The horse bites!
 You hit the horse!
 The horse kicks!
 The horse bites!
 What do you want to zap? [P or ?*] P
 In what direction? 4
 The horse vanishes!
 It kicks!
 It bites!
 You die...
 Do you want your possessions identified? [ynq] (y) q

Inventory:
 Coins    ('$')
  $ - 49 gold pieces
 Weapons  (')')
  a - a blessed +2 mace (weapon in right hand)
 Armor    ('[')
  K - a +0 dwarvish mithril-coat (being worn)
 Comestibles  ('%')
  Y - a lizard corpse
 Scrolls  ('?')
  D - a scroll of charging
  O - a cursed scroll of enchant armor
 Potions  ('!')
  X - a potion of hallucination
  M - a potion of healing
  S - a blessed potion of object detection
  d - 3 potions of holy water
  y - 2 potions of water
 Rings    ('=')
  z - a ring of poison resistance (on left hand)
 Wands    ('/')
  P - a wand of make invisible (0:6)
 Tools    ('(')
  i - a magic marker (0:20)
  W - a magic whistle
  R - a towel

Drastanta the Priest's attributes:

Background:
 You were an Adept, a level 7 human Priest.
 You were lawful, on a mission for Lugh
 who was opposed by Brigit (neutral) and Manannan Mac Lir (chaotic).
 You were right-handed.
 You were in the Dungeons of Doom, on level 7.
 You entered the dungeon 6539 turns ago.
 You had 970 experience points, 310 more were needed to attain level 8.

Basics:
 You had 0 out of 74 hit points.
 You had all 104 energy points (spell power).
 Your armor class was 4.
 Your wallet contained 49 zorkmids.
 Autopickup was on for '$' plus thrown.

Final Characteristics:
 Your strength was 12 (limit:18/100).
 Your dexterity was 15 (limit:18).
 Your constitution was 17 (limit:18).
 Your intelligence was 9 (limit:18).
 Your wisdom was 16 (limit:18).
 Your charisma was 10 (limit:18).

Final Status:
 You were hungry.
 You were unencumbered.
 You were wielding a mace.
 You were skilled in mace and could have enhanced that.

Final Attributes:
 You were piously aligned.
 You were poison resistant.
 You were guarded.
 Your spell casting was impaired by metallic armor.
 You are dead.

Miscellaneous:
 You didn't encounter any bones levels.
 Total elapsed playing time was 1 hour, 1 minute and 40 seconds.

Major events:
 Turn
    1: Drastanta the lawful human Priest entered the dungeon
 1218: attained the rank of Acolyte (level 3)
 4153: attained the rank of Adept (level 6)
 6539: killed by an invisible horse

Spells:
 Name                 Level Category     Fail Retention
 healing                1   healing       47%   51%-75%
 light                  1   clerical      63%   61%-70%
 slow monster           2   enchantment   97%   51%-75%

Skills:
 Fighting Skills
   bare handed combat [Unskilled]
 Weapon Skills
   club               [Unskilled]
   mace               [Skilled]
   morning star       [Unskilled]
   flail              [Unskilled]
   hammer             [Unskilled]
   quarterstaff       [Unskilled]
   polearms           [Unskilled]
   spear              [Unskilled]
   trident            [Unskilled]
   lance              [Unskilled]
   bow                [Unskilled]
   sling              [Unskilled]
   crossbow           [Unskilled]
   dart               [Unskilled]
   shuriken           [Unskilled]
   boomerang          [Unskilled]
   unicorn horn       [Unskilled]
 Spellcasting Skills
   healing spells     [Unskilled]
   divination spells  [Unskilled]
   clerical spells    [Basic]

Voluntary challenges:
 Character rerolling was not enabled.
 You never genocided any monsters.
 You never polymorphed an object.
 You never changed form.
 You used no wishes.
Achievements:
 You attained the rank of Acolyte.
 You entered a shop.
 You attained the rank of Adept.

 The Dungeons of Doom: levels 1 to 7
    Level 1:
    Level 2:
       An altar.
    Level 3:
       An altar.
    Level 4:
       A scroll shop, some fountains.
    Level 5:
    Level 6:
       A weapon shop.
    Level 7: <- You were here.
       Many fountains.
       Final resting place for
          you, killed by an invisible horse.


Vanquished creatures:
  a small mimic
 an ettin zombie
  a crocodile
  a giant beetle
  a leprechaun
  a giant spider
 an ice vortex
  a black light
  a vampire bat
  a gnome ruler
  a lizard
  a dog
  a dust vortex
  a bugbear
  a water nymph
  a mountain nymph
  2 rock piercers
  2 rock moles
  7 fog clouds
  a yellow light
  a shrieker
  a violet fungus
  2 gnome leaders
  2 kobold mummies
 an elf zombie
  3 straw golems
  a baby crocodile
  2 little dogs
  2 dwarves
  a homunculus
  4 rothes
  2 giant bats
  3 monkeys
 an orc zombie
  2 dwarf zombies
  a wererat
 an iguana
  5 acid blobs
  2 gas spores
  2 hobbits
  3 large kobolds
  a hobgoblin
  5 giant rats
  2 yellow molds
  2 green molds
  2 red molds
  2 garter snakes
  a gnome zombie
  3 geckos
  3 foxes
  a kobold
  2 goblins
  a sewer rat
 10 grid bugs
  a bat
  4 lichens
  2 kobold zombies
  5 newts
117 creatures vanquished.

No species were genocided or became extinct.

Game over:
                       ----------
                      /          \
                     /    REST    \
                    /      IN      \
                   /     PEACE      \
                  /                  \
                  |    Drastanta     |
                  |      49 Au       |
                  |   killed by an   |
                  | invisible horse  |
                  |                  |
                  |                  |
                  |       2026       |
                 *|     *  *  *      | *
        _________)/\\_//(\/(/\)/\//\/|_)_______

Goodbye Drastanta the Priest...

You died in The Dungeons of Doom on dungeon level 7 with 4245 points,
and 49 pieces of gold, after 6539 moves.
You were level 7 with a maximum of 74 hit points when you died.

